Workbook

Sheet Fiado
A1: CONTROLE DE FIADO
A2: Preencha só as colunas brancas. Falta, dias de atraso e situação calculam sozinhas. · Feito pelo ZentraX (@zentrax.dvls)
A3: Data da venda | B3: Cliente | C3: Telefone | D3: O que levou | E3: Valor | F3: Combinado pra pagar | G3: Já pagou | H3: Falta | I3: Dias de atraso | J3: Situação
A4: 46275.5 | B4: Bar do Zé (exemplo) | C4: (11) 90000-0000 | D4: 2 fardos de refrigerante | E4: 860 | F4: 46285.5 | G4: 0 | H4: =IF(E4="","",E4-N(G4)) | I4: =IF(OR(E4="",F4=""),"",IF(AND(H4>0,F4<TODAY()),TODAY()-F4,0)) | J4: =IF(E4="","",IF(H4<=0,"Pago",IF(I4>0,"Atrasado","Em dia")))
A5: 46290.5 | B5: Mercadinho Bom Preço (exemplo) | D5: Caixa de cerveja | E5: 745.5 | F5: 46300.5 | G5: 300 | H5: =IF(E5="","",E5-N(G5)) | I5: =IF(OR(E5="",F5=""),"",IF(AND(H5>0,F5<TODAY()),TODAY()-F5,0)) | J5: =IF(E5="","",IF(H5<=0,"Pago",IF(I5>0,"Atrasado","Em dia")))
A6: 46310.5 | B6: Lanchonete da Ana (exemplo) | D6: Água e suco | E6: 534.5 | F6: 46325.5 | G6: 0 | H6: =IF(E6="","",E6-N(G6)) | I6: =IF(OR(E6="",F6=""),"",IF(AND(H6>0,F6<TODAY()),TODAY()-F6,0)) | J6: =IF(E6="","",IF(H6<=0,"Pago",IF(I6>0,"Atrasado","Em dia")))
A7: 46295.5 | B7: Dona Cida (exemplo) | D7: Doces | E7: 85 | F7: 46305.5 | G7: 85 | H7: =IF(E7="","",E7-N(G7)) | I7: =IF(OR(E7="",F7=""),"",IF(AND(H7>0,F7<TODAY()),TODAY()-F7,0)) | J7: =IF(E7="","",IF(H7<=0,"Pago",IF(I7>0,"Atrasado","Em dia")))
H8: =IF(E8="","",E8-N(G8)) | I8: =IF(OR(E8="",F8=""),"",IF(AND(H8>0,F8<TODAY()),TODAY()-F8,0)) | J8: =IF(E8="","",IF(H8<=0,"Pago",IF(I8>0,"Atrasado","Em dia")))
H9: =IF(E9="","",E9-N(G9)) | I9: =IF(OR(E9="",F9=""),"",IF(AND(H9>0,F9<TODAY()),TODAY()-F9,0)) | J9: =IF(E9="","",IF(H9<=0,"Pago",IF(I9>0,"Atrasado","Em dia")))
H10: =IF(E10="","",E10-N(G10)) | I10: =IF(OR(E10="",F10=""),"",IF(AND(H10>0,F10<TODAY()),TODAY()-F10,0)) | J10: =IF(E10="","",IF(H10<=0,"Pago",IF(I10>0,"Atrasado","Em dia")))
H11: =IF(E11="","",E11-N(G11)) | I11: =IF(OR(E11="",F11=""),"",IF(AND(H11>0,F11<TODAY()),TODAY()-F11,0)) | J11: =IF(E11="","",IF(H11<=0,"Pago",IF(I11>0,"Atrasado","Em dia")))
H12: =IF(E12="","",E12-N(G12)) | I12: =IF(OR(E12="",F12=""),"",IF(AND(H12>0,F12<TODAY()),TODAY()-F12,0)) | J12: =IF(E12="","",IF(H12<=0,"Pago",IF(I12>0,"Atrasado","Em dia")))
H13: =IF(E13="","",E13-N(G13)) | I13: =IF(OR(E13="",F13=""),"",IF(AND(H13>0,F13<TODAY()),TODAY()-F13,0)) | J13: =IF(E13="","",IF(H13<=0,"Pago",IF(I13>0,"Atrasado","Em dia")))
H14: =IF(E14="","",E14-N(G14)) | I14: =IF(OR(E14="",F14=""),"",IF(AND(H14>0,F14<TODAY()),TODAY()-F14,0)) | J14: =IF(E14="","",IF(H14<=0,"Pago",IF(I14>0,"Atrasado","Em dia")))
H15: =IF(E15="","",E15-N(G15)) | I15: =IF(OR(E15="",F15=""),"",IF(AND(H15>0,F15<TODAY()),TODAY()-F15,0)) | J15: =IF(E15="","",IF(H15<=0,"Pago",IF(I15>0,"Atrasado","Em dia")))
H16: =IF(E16="","",E16-N(G16)) | I16: =IF(OR(E16="",F16=""),"",IF(AND(H16>0,F16<TODAY()),TODAY()-F16,0)) | J16: =IF(E16="","",IF(H16<=0,"Pago",IF(I16>0,"Atrasado","Em dia")))
H17: =IF(E17="","",E17-N(G17)) | I17: =IF(OR(E17="",F17=""),"",IF(AND(H17>0,F17<TODAY()),TODAY()-F17,0)) | J17: =IF(E17="","",IF(H17<=0,"Pago",IF(I17>0,"Atrasado","Em dia")))
H18: =IF(E18="","",E18-N(G18)) | I18: =IF(OR(E18="",F18=""),"",IF(AND(H18>0,F18<TODAY()),TODAY()-F18,0)) | J18: =IF(E18="","",IF(H18<=0,"Pago",IF(I18>0,"Atrasado","Em dia")))
H19: =IF(E19="","",E19-N(G19)) | I19: =IF(OR(E19="",F19=""),"",IF(AND(H19>0,F19<TODAY()),TODAY()-F19,0)) | J19: =IF(E19="","",IF(H19<=0,"Pago",IF(I19>0,"Atrasado","Em dia")))
... H303: =IF(E303="","",E303-N(G303)) | I303: =IF(OR(E303="",F303=""),"",IF(AND(H303>0,F303<TODAY()),TODAY()-F303,0)) | J303: =IF(E303="","",IF(H303<=0,"Pago",IF(I303>0,"Atrasado","Em dia")))

Sheet Resumo
A1: RESUMO DO FIADO
A3: Total na rua (falta receber) | B3: =SUM(Fiado!$H$4:$H$303)
A5: Total atrasado | B5: =SUMIF(Fiado!$J$4:$J$303,"Atrasado",Fiado!$H$4:$H$303)
A7: Vendas atrasadas | B7: =COUNTIF(Fiado!$J$4:$J$303,"Atrasado")
A9: Maior atraso (dias) | B9: =MAX(Fiado!$I$4:$I$303)
A11: Vendas em dia | B11: =COUNTIF(Fiado!$J$4:$J$303,"Em dia")
A14: Quer isso no celular, com os mais atrasados em primeiro e sem fórmula pra quebrar? Teste o ZentraX 14 dias grátis: zentrax.dvls.com.br

Sheet Como usar
A1: COMO USAR
A3: 1. Na aba Fiado, cada linha é uma venda a prazo. Preencha data, cliente, o que levou, valor e o dia combinado pra pagar.
A4: 2. Quando o cliente pagar (tudo ou uma parte), coloque o valor em "Já pagou".
A5: 3. "Falta", "Dias de atraso" e "Situação" calculam sozinhas. Atrasado fica vermelho, pago fica verde.
A6: 4. Use o filtro do cabeçalho pra ver só os atrasados ou só um cliente.
A7: 5. A aba Resumo mostra quanto você tem na rua e quanto está atrasado.
A8: 6. As 4 linhas "(exemplo)" são só pra mostrar como fica. Pode apagar.
A10: Dica: combine a data de pagamento na hora da venda e anote junto. Cliente que sabe o dia, paga no dia.
